 Dungeon Sprint DCSS version 0.21.1-1-g345015f (webtiles) character file.

300 Fang the Fighter (level 6, -4/46 HPs)
             Began as a Gargoyle Berserker on July 23, 2018.
             Was a High Priest of Trog.
             Impaled on a porcupine's spines (11 damage)
             ... in the Dungeon (Sprint VII: "The Pits").
             The game lasted 00:01:07 (650 turns).

Fang the Fighter (Gargoyle Berserker)                Turns: 650, Time: 00:01:07

Health: -4/46      AC:  6    Str: 22    XL:     6   Next: 36%
Magic:  6/6        EV: 13    Int:  8    God:    Trog [*****.]
Gold:   0          SH:  0    Dex:  9    Spells: 5/5 levels left

rFire    . . .     SeeInvis .   n - +1 hand axe (freeze)
rCold    . . .     Gourm    .   (no shield)
rNeg     + . .     Faith    .   b - +0 animal skin
rPois    ∞         Spirit   .   (no helmet)
rElec    +         Reflect  .   (no cloak)
rCorr    .         Harm     .   (no gloves)
MR       .....     NoTele   +   (no boots)
Stlth    ++........             (no amulet)
HPRegen  0.15/turn              (no ring)
MPRegen  0.10/turn              (no ring)

@: berserk cooldown, slowed, very slow
A: negative energy resistance 1, electricity resistance, unbreathing,
petrification resistance, rot immunity, AC +4
a: Berserk, Trog's Hand, Brothers in Arms, Burn Spellbooks, Renounce Religion


You were in the Dungeon.
You worshipped Trog.
Trog was extremely pleased with you.
You were hungry.

You visited 1 branch

Inventory:

Hand Weapons
 j - a +2 hand axe
 n - a +1 hand axe of freezing (weapon)
Armour
 b - a +0 animal skin (worn)
Scrolls
 i - a scroll of blinking
 k - 3 scrolls of remove curse
 l - a scroll of summoning
Potions
 a - 2 potions of invisibility
 d - 6 potions of curing
 e - 6 potions of heal wounds
 f - a potion of haste
 g - 4 potions of magic
 h - 3 potions of berserk rage
Comestibles
 c - 9 rations
 m - a chunk of flesh


   Skills:
 + Level 9.0 Fighting
 + Level 7.7 Axes
 + Level 4.8 Armour
 + Level 4.4 Dodging
 + Level 2.2 Stealth


You had 5 spell levels left.
You didn't know any spells.

Dungeon Overview and Level Annotations

Branches:
Dungeon (1/1)

Altars:
Cheibriados
Dithmenos
Elyvilon
Fedhas
Gozag
Hepliaklqana
Makhleb
Nemelex Xobeh
Okawaru
Qazlal
Ru
Sif Muna
Trog
Vehumet
Wu Jian
Xom
Yredelemnul
Zin
The Shining One
Beogh
Jiyva
Lugonu


Innate Abilities, Weirdness & Mutations

You are resistant to torment.
Your stone body is resilient. (AC +4)
You are immune to poison.
You resist negative energy. (rN+)
You are resistant to electric shocks. (rElec)
You can survive without breathing.
You are immune to petrification.
You are immune to rotting.


Message History

The orc priest is almost dead.
You are no longer berserk.
You are exhausted.
You feel yourself slow down.
The orc priest miscasts a cantrip.
Unknown command.
You hit the orc priest. You freeze the orc priest.
You kill the orc priest!
Trog accepts your kill.
Trog will gift you weapons as you gain piety.
Your Fighting skill increases to level 9!
The porcupine bites you!
* * * LOW HITPOINT WARNING * * *
You hit the porcupine. You freeze the porcupine.
The porcupine is heavily wounded.
The porcupine misses you. The porcupine closely misses you.
A gnoll comes into view. It is wielding a whip.
Unknown command.
You are struck by the porcupine's spines.
You die...

#'#####)#####.....
#.#..#...'.##.....
#.#..#...#.#####'#
#.#..#####.##.....
#.#..)...#.##.....
#.#..'...÷.##.....
#.#..########...<.
#.#..'[).).##.....
#@#..#[))).##.....
#r###########.....
#Mg..oo.# ######
#g.#.#..# #.## #
#.g #.# #.. #..


You could see a gnoll shaman, a mummy, a porcupine and 2 gnolls.

Vanquished Creatures
  2 water moccasins (D)
  An orc priest (D)
  An orc wizard (D)
  A gnoll (D)
  A river rat (D)
  A leopard gecko (D)
  2 orcs (D)
  A bat (D)
  A goblin (D)
  3 jackals (D)
  2 kobolds (D)
16 creatures vanquished.

Notes
Turn   | Place    | Note
-------+----------+-------------------------------------------
     0 | D        | Fang the Gargoyle Berserker began the quest for the Orb.
     0 | D        | Reached XP level 1. HP: 14/14 MP: 1/1
    20 | D        | Found a bloodstained altar of Trog.
    20 | D        | Found a deep blue altar of Sif Muna.
    20 | D        | Found a viscous altar of Jiyva.
    20 | D        | Found a hazy altar of Hepliaklqana.
    20 | D        | Found an opulent altar of Gozag.
    22 | D        | Found a glowing golden altar of the Shining One.
    22 | D        | Found a glowing silver altar of Zin.
    22 | D        | Found a basalt altar of Yredelemnul.
    22 | D        | Found a shimmering altar of Xom.
    22 | D        | Found an ornate altar of the Wu Jian Council.
    22 | D        | Found a sacrificial altar of Ru.
    22 | D        | Found a stormy altar of Qazlal.
    22 | D        | Found an iron altar of Okawaru.
    22 | D        | Found a sparkling altar of Nemelex Xobeh.
    22 | D        | Found a burning altar of Makhleb.
    22 | D        | Found a blossoming altar of Fedhas.
    22 | D        | Found a white marble altar of Elyvilon.
    22 | D        | Found a shadowy altar of Dithmenos.
    22 | D        | Found a snail-covered altar of Cheibriados.
    24 | D        | Found a radiant altar of Vehumet.
    24 | D        | Found a corrupted altar of Lugonu.
    24 | D        | Found a roughly hewn altar of Beogh.
    65 | D        | Reached ** piety under Trog
    65 | D        | Reached skill level 4 in Fighting
    76 | D        | Reached XP level 2. HP: 12/20 MP: 2/2
   322 | D        | Reached skill level 5 in Fighting
   322 | D        | Reached XP level 3. HP: 13/26 MP: 3/3
   323 | D        | Reached *** piety under Trog
   487 | D        | Noticed a water moccasin
   495 | D        | Killed a water moccasin
   495 | D        | Reached **** piety under Trog
   495 | D        | Reached skill level 7 in Fighting
   495 | D        | Reached skill level 1 in Stealth
   495 | D        | Reached XP level 4. HP: 34/34 MP: 4/4
   495 | D        | Reached XP level 5. HP: 38/38 MP: 5/5
   625 | D        | Noticed a water moccasin
   634 | D        | Noticed a porcupine
   639 | D        | Killed a water moccasin
   639 | D        | Reached skill level 8 in Fighting
   639 | D        | Reached XP level 6. HP: 24/45 MP: 6/6
   648 | D        | Reached ***** piety under Trog
   648 | D        | Reached skill level 9 in Fighting
   650 | D        | Impaled on a porcupine's spines

Skill      XL: |  1  2  3  4  5  6 |
---------------+-------------------+-----
Fighting       | 4 5 7 8 9 |  9.0
Axes           | 3 4 6 7 |  7.7
Armour         | 3 4 |  4.8
Dodging        | 2 3 4 |  4.4
Stealth        | 1 2 |  2.2

Action                   |  1- 3 |  4- 6 || total
-------------------------+-------+-------++-------
Melee: Hand axe          |    31 |    19 ||    50
Invok: Berserk           |     1 |     1 ||     2
Armor: Animal skin       |     9 |     3 ||    12
Dodge: Dodged            |    17 |     4 ||    21
